 Dungeon Crawl Stone Soup version 0.31-a0-1178-gc5c9b8f871 (webtiles) character file.

Game seed: 14816694151632480782

117826 qw the Marksgargoyle (level 16, -4/112 HPs)
             Began as a Gargoyle Hunter on Dec 11, 2023.
             Was the Champion of Okawaru.
             Slain by a meliai
             ... wielding a +2 war axe of venom
              (10 damage)
             ... on level 2 of the Shoals.
             The game lasted 00:11:13 (19494 turns).

qw the Marksgargoyle (Gargoyle Hunter)             Turns: 19494, Time: 00:11:14

Health: -4/112     AC: 27    Str: 14    XL:     16   Next: 75%
Magic:  23/23      EV: 18    Int:  9    God:    Okawaru [******]
Gold:   1788       SH:  0    Dex: 19    Spells: 15/15 levels left

rFire   + . .        y - +7 longbow (freeze)
rCold   + . .        (shield currently unavailable)
rNeg    + . .        s - +2 troll leather armour
rPois   inf          A - +0 helmet
rElec   +            m - scarf {rC+ rF+}
rCorr   .            f - +3 pair of gauntlets of War {Slay+5}
SInv    +            j - +3 pair of boots of Decaying Curiosity {rElec rPois Int-4}
Will    ++...        z - amulet of the acrobat
Stlth   ++           x - ring of see invisible
HPRegen 1.18/turn    k - ring of willpower
MPRegen 0.18/turn

%: acrobat
@: about to teleport, flying
A: sickness immunity, AC +12, big wings, negative energy resistance 1,
electricity resistance, torment resistance 1, petrification resistance
a: Renounce Religion, Heroism, Finesse, Duel


You were on level 2 of the Shoals.
You worshipped Okawaru.
Okawaru was exalted by your worship.
You visited 5 branches of the dungeon, and saw 25 of its levels.

You collected 3205 gold pieces.
You spent 1417 gold pieces at shops.


Innate Abilities, Weirdness & Mutations

You are immune to sickness and miasma.
Your stone body is resilient. (AC +12)
You are immune to poison.
Your large and strong wings let you fly.
You resist negative energy. (rN+)
You are resistant to electric shocks. (rElec)
You are resistant to unholy torment.
You are immune to petrification.


   Skills:
 - Level 17.0 Fighting
 - Level 20.0 Ranged Weapons
 + Level 7.1 Armour
 - Level 10.0 Dodging
 - Level 1.1 Stealth
 - Level 10.0 Invocations


You had 15 spell levels left.
You didn't know any spells.
Your spell library was empty.

Inventory:

Hand Weapons
 y - a +7 longbow of freezing (weapon)
Armour
 b - a +2 cloak
 f - the +3 pair of gauntlets of War (worn) {Slay+5}
   (You acquired it on level 1 of the Dungeon)

   Slay+5:    It affects your accuracy & damage with ranged weapons and melee
   (+5).
 j - the +3 pair of boots of Decaying Curiosity (worn) {rElec rPois Int-4}
   (Okawaru gifted it to you on level 1 of the Lair of Beasts)

   Int-4:     It affects your intelligence (-4).
   rElec:     It insulates you from electricity.
   rPois:     It protects you from poison
 m - a scarf of resistance (worn)
 s - a +2 troll leather armour (worn)
 A - a +0 helmet (worn)
Jewellery
 g - a +6 ring of strength
 i - a ring of protection from fire
 k - a ring of willpower (right hand)
 w - a ring of positive energy
 x - a ring of see invisible (left hand)
 z - an amulet of the acrobat (around neck)
 C - an amulet of faith
 Y - a ring of protection from fire
Wands
 a - a wand of roots (32)
 o - a wand of charming (4)
 p - a wand of light (4)
 q - a wand of digging (14)
 u - a wand of mindburst (4)
 B - a wand of polymorph (3)
Scrolls
 l - 6 scrolls of identify
 n - 8 scrolls of teleportation
Potions
 c - 7 potions of mutation
 d - 7 potions of might
 e - 7 potions of curing
 h - 7 potions of haste
 r - 3 potions of enlightenment
 t - a potion of resistance

Dungeon Overview and Level Annotations

Branches:
Dungeon (15/15)            Temple (1/1) D:7            Lair (5/5) D:11
 Shoals (2/4) Lair:2       Spider (0/4) Lair:2        Slime (0/5) Lair:5
    Orc (2/2) D:11            Elf (0/3) Orc:2        Vaults (0/5) D:13
 Depths (0/4) D:15

Altars:
Ashenzari
Cheibriados
Dithmenos
Elyvilon
Fedhas
Gozag
Hepliaklqana
Kikubaaqudgha
Makhleb
Nemelex Xobeh
Okawaru
Qazlal
Ru
Sif Muna
Trog
Uskayaw
Vehumet
Wu Jian
Xom
Yredelemnul
Zin
The Shining One
Jiyva

Shops:
D:1 ?   D:10 !   Orc:2 ?[:!

Portals:
Trove: D:12 (give +5 ice dragon scales)

Annotations:
D:4 2 transporters, qw's ghost, amateur GrHu
D:5 1 runed translucent door, Crazy Yiuf
Lair:1 2 transporters
Shoals:2 Mlioglotl


Message History

You feel strangely unstable. The meliai barely misses you.
The meliai closely misses you. Mlioglotl barely misses you.
Mlioglotl misses you. The meliai barely misses you.
The meliai completely misses you.
19491 ||| DRINKING 2 potions of heal wounds.
You feel much better. The meliai barely misses you. The meliai stings you.
Mlioglotl closely misses you. x2
The smoke demon hits you but does no damage. x2
The smoke demon misses you.
The meliai hits you with a +2 war axe of venom!
The meliai completely misses you.
You shoot an arrow. The arrow hits Mlioglotl!!
The arrow freezes Mlioglotl.
Mlioglotl is moderately wounded.
Mlioglotl misses you. x2
The meliai hits you with a +2 war axe of venom.
The meliai misses you. The smoke demon gestures at you. Something smites you!
19493 ||| DRINKING potion of heal wounds.
You feel much better.
The meliai invokes the aid of its god against you.
Something smites you! Mlioglotl barely misses you.
Mlioglotl tramples you but does no damage.
The meliai hits you but does no damage. The meliai misses you.
The ynoxinul gestures.
The smoke demon closely misses you. x2; The smoke demon misses you.
Mlioglotl hits you but does no damage. Mlioglotl tramples you.
You hold your ground!
You shoot an arrow. The arrow hits Mlioglotl!
The arrow freezes Mlioglotl.
Mlioglotl is moderately wounded.
The meliai hits you with a +2 war axe of venom!
The meliai stings you.
Mlioglotl churns violently!
Mlioglotl corrupts the dungeon around him!
The smoke demon gestures at you.
The ball of steam hits you but does no damage.
The ynoxinul gestures.
The meliai hits you with a +2 war axe of venom!
You die...

~~~~~~~~~~~~~~~~~~~~~~~~~~~~~~~~~
~~~~~~~~~~~~~~~~~~~~~~~~~~~~~~~~~
~~~~~~~~~~~~~.~.~~~~~~~~~~~~~~~~~
~~~~~~~~~.........~~~~~~~~~~~~~~~
~~~~~~~~........#..~~~~~~~~~~~~~~
###########.. ##..~~~~~~~~~~~~~ .
#.~~~~~~~~~~~~~~
###5~~~~~~~~~~~~~~
#@y354~~~~~~~~~~~~
#3X#55~~~~~~~~~~~~ .~
#5.5~~~~~~~~~~~~~~ y.$
#..~X~~~~~~~~~~~~~
.P.y######~~~~~~~~~~~~ ~~~
,.X~....#..~~~~~~~~~~~ ~~~ .~
###.....<.~~~~~~~~~~ ~~~ .~
###...###...~~~~~~~~~ ~~~
#.####.....###...~~~~~~~~ ~~~


You could see Mlioglotl (strong), a tentacled starspawn (summoned), a smoke
demon (summoned), a ynoxinul (summoned), a chaos spawn (summoned, wandering), a
meliai and 6 ufetubi.

Vanquished Creatures
  Nikola (Shoals:1)
  Agnes (D:15)
  Kirke (D:15)
  Nessos (D:14)
  A dire elephant (D:15)
  Josephine (D:13)
  A vault guard (D:13)
  7 hydras
  2 ogre magi (Orc:2)
  3 merfolk avatars
  4 centaur warriors
  2 catoblepae
  3 death yaks
  10 two-headed ogres
  3 boulder beetles
  A tengu warrior (D:13)
  4 orc high priests
  4 skysharks
  Nergalle (Lair:3)
  3 sea snakes
  12 harpies
  A deep elf pyromancer (D:14)
  Pikel (D:7)
  5 orc knights
  A wolf spider (D:15)
  7 manticores
  20 ugly things
  An orc sorcerer (Orc:2)
  12 fauns
  7 cyclopes
  9 elephants
  Maurice (D:10)
  Joseph (D:7)
  3 kobold blastminers (Orc:2)
  A merfolk siren (Shoals:1)
  3 black mambas
  A rust devil (D:12)
  A smoke demon (D:12)
  3 gargoyles (D:12)
  4 torpor snails
  An orange demon (D:12)
  A water nymph (Shoals:1)
  18 cane toads
  7 rime drakes
  5 yaktaurs (D:15)
  3 kobold demonologists
  11 komodo dragons
  A queen bee (D:11)
  11 trolls
  3 polar bears (Lair:5)
  8 merfolk
  A meliai (Shoals:2)
  A hornet (Lair:5)
  3 wind drakes
  10 blink frogs
  12 dream sheep
  Prince Ribbit (D:7)
  4 snapping turtles
  7 slime creatures
  2 shadows
  7 wyverns
  2 humans (D:15)
  12 wraiths
  3 steam dragons
  44 yaks
  2 hogs (D:15)
  Grum (D:8)
  A steam dragon (shapeshifter) (D:14)
  4 basilisks
  2 wargs
  3 redbacks (Lair:2)
  5 vampire mosquitoes
  Menkaure (D:6)
  3 acid dragons
  A chaos spawn (D:12)
  15 water moccasins
  17 orc warriors
  6 black bears
  2 sky beasts
  26 wolves
  7 ogres
  7 centaurs
  3 phantoms
  5 kobold brigands
  3 gnoll sergeants
  12 bullfrogs
  2 scorpions
  7 wights
  41 killer bees
  4 crimson imps (D:9)
  3 hounds
  2 jellies
  13 orc priests
  An iron imp (D:12)
  6 iguanas
  18 orc wizards
  A sleepcap (D:8)
  5 hell rats (Lair:2)
  3 gnolls (D:8)
  7 adders
  4 shadow imps
  6 white imps
  4 ufetubi
  A worm (D:5)
  2 dart slugs
  41 orcs
  7 ball pythons
  7 endoplasms
  8 giant cockroaches
  4 goblins
  8 hobgoblins
  10 jackals
  5 quokkas
  4 bats
  4 frilled lizards
  31 kobolds
  8 kobold skeletons (D:10)
  10 kobold zombies (D:10)
  9 rats
738 creatures vanquished.

Notes
Turn   | Place    | Note
-------+----------+-------------------------------------------
     0 | D:1      | qw the Gargoyle Hunter began the quest for the Orb.
     0 | D:1      | Reached XP level 1. HP: 12/12 MP: 1/1
     0 | D:1      | 0 ||| qw: Version: 0.3-a-106-g2cfff9e
     0 | D:1      | 0 ||| qw: Game counter: 1975
     0 | D:1      | 0 ||| qw: Melee chars always use a shield: true
     0 | D:1      | 0 ||| qw: God list: Okawaru
     0 | D:1      | 0 ||| qw: Allow faded altars: false
     0 | D:1      | 0 ||| qw: Do Orc after clearing Dungeon:15 true
     0 | D:1      | 0 ||| qw: Do second Lair branch before Depths: true
     0 | D:1      | 0 ||| qw: Lair rune preference: random
     0 | D:1      | 0 ||| qw: Goals: Normal, Save, Zot:1-4, Win
     0 | D:1      | 0 ||| PLANNING D:1-11
    15 | D:1      | Found Egygh's Magic Scroll Shoppe.
    22 | D:1      | 22 ||| SHOPLISTING scroll of brand weapon (104 gold, have
                  | 0).
    22 | D:1      | 22 ||| SHOPLISTING scroll of identify (22 gold, have 0).
    22 | D:1      | 22 ||| SHOPLISTING scroll of teleportation (33 gold, have
                  | 0).
   145 | D:1      | Reached XP level 2. HP: 17/17 MP: 2/2
   396 | D:1      | Reached XP level 3. HP: 21/21 MP: 3/3
   458 | D:1      | 458 ||| READING 4 scrolls labelled ACHEXZOKH.
   458 | D:1      | Identified 4 scrolls of acquirement
   458 | D:1      | 458 ||| 458 ||| Offered manual of Fire Magic
   458 | D:1      | 458 ||| 458 ||| Offered staff of death
   458 | D:1      | 458 ||| 458 ||| Offered +3 pair of gauntlets of War
                  | {Slay+5}
   458 | D:1      | 458 ||| 458 ||| Offered 666 gold pieces
   458 | D:1      | 458 ||| ACQUIRING +3 pair of gauntlets of War {Slay+5}
   458 | D:1      | Acquired the +3 pair of gauntlets of War {Slay+5}
   458 | D:1      | Found the +3 pair of gauntlets of War {Slay+5}
   460 | D:1      | 460 ||| UPGRADING to +3 pair of gauntlets of War {Slay+5}.
   465 | D:1      | 465 ||| READING 3 scrolls of acquirement.
   465 | D:1      | 465 ||| 465 ||| Offered +0 pair of gloves of Hevarapy
                  | {Dex+4}
   465 | D:1      | 465 ||| 465 ||| Offered staff of earth
   465 | D:1      | 465 ||| 465 ||| Offered +4 arbalest of electrocution
   465 | D:1      | 465 ||| 465 ||| Offered 1358 gold pieces
   465 | D:1      | 465 ||| ACQUIRING +4 arbalest of electrocution
   465 | D:1      | Acquired a +4 arbalest of electrocution
   467 | D:1      | 467 ||| SWAPPING to +4 arbalest of electrocution.
   468 | D:1      | 468 ||| DROPPING +0 shortbow.
   469 | D:1      | 469 ||| READING 2 scrolls of acquirement.
   469 | D:1      | 469 ||| 469 ||| Offered manual of Poison Magic
   469 | D:1      | 469 ||| 469 ||| Offered staff of death
   469 | D:1      | 469 ||| 469 ||| Offered +0 buckler "Noff" {rF+ Will- SInv}
   469 | D:1      | 469 ||| 469 ||| Offered 558 gold pieces
   469 | D:1      | 469 ||| ACQUIRING 558 gold pieces
   469 | D:1      | Acquired 558 gold pieces
   470 | D:1      | 470 ||| READING scroll of acquirement.
   470 | D:1      | 470 ||| 470 ||| Offered +1 rapier of Sin {chaos, rC+ Str+2}
   470 | D:1      | 470 ||| 470 ||| Offered +1 pair of gloves "Idaiwn" {rElec}
   470 | D:1      | 470 ||| 470 ||| Offered staff of earth
   470 | D:1      | 470 ||| 470 ||| Offered 331 gold pieces
   470 | D:1      | 470 ||| ACQUIRING 331 gold pieces
   470 | D:1      | Acquired 331 gold pieces
   472 | D:1      | 472 ||| DROPPING scroll of butterflies.
   511 | D:2      | Reached skill level 5 in Ranged Weapons
   565 | D:2      | Reached skill level 3 in Fighting
   574 | D:2      | Reached XP level 4. HP: 16/28 MP: 4/4
   997 | D:2      | 997 ||| READING 2 scrolls labelled POMPAE BAISEEX.
  1098 | D:2      | 1098 ||| READING scroll labelled COFUHA XALETHOLA.
  1099 | D:2      | 1099 ||| READING scroll labelled YXIOFF GIOS.
  1100 | D:2      | 1100 ||| READING scroll labelled IHUEZI PIPLUH.
  1104 | D:2      | 1104 ||| DROPPING scroll of silence.
  1116 | D:3      | 1116 ||| STAIRDANCE
  1124 | D:3      | 1124 ||| STAIRDANCE
  1181 | D:3      | Found a broken altar of Ashenzari.
  1232 | D:3      | Found a hazy altar of Hepliaklqana.
  1273 | D:3      | Found a sacrificial altar of Ru.
  1273 | D:3      | Found a shimmering altar of Xom.
  1275 | D:3      | 1275 ||| UPGRADING to +0 ring mail.
  1285 | D:3      | 1285 ||| DROPPING +0 leather armour.
  1391 | D:3      | Reached XP level 5. HP: 32/32 MP: 5/5
  1513 | D:3      | Found a shimmering blue altar of Sif Muna.
  1538 | D:3      | Reached skill level 1 in Armour
  1606 | D:3      | 1606 ||| FLEEEEING.
  1607 | D:3      | 1607 ||| FLEEEEING.
  1608 | D:3      | 1608 ||| FLEEEEING.
  1631 | D:3      | 1631 ||| READING 2 scrolls labelled EQIOKAFIXY.
  1631 | D:3      | 1631 ||| IDENTIFYING bubbling dark potion
  1632 | D:3      | 1632 ||| READING scroll of identify.
  1632 | D:3      | 1632 ||| IDENTIFYING emerald potion
  1633 | D:3      | 1633 ||| READING scroll labelled PEARCH XEONAE.
  1656 | D:3      | 1656 ||| DROPPING potion of berserk rage.
  1743 | D:4      | Reached skill level 6 in Ranged Weapons
  1767 | D:4      | HP: 6/33 [orc priest/divine providence (10)]
  1768 | D:4      | 1768 ||| DRINKING brown potion.
  1769 | D:4      | 1769 ||| DRINKING fizzy black potion.
  1774 | D:4      | Reached XP level 6. HP: 16/38 MP: 6/6
  1860 | D:4      | Found a transporter.
  2004 | D:4      | Found a transporter.
  2007 | D:4      | Noticed qw's ghost (amateur GrHu)
  2271 | D:4      | 2271 ||| READING scroll labelled DELEUD ADIY.
  2283 | D:5      | Entered Level 5 of the Dungeon
  2313 | D:5      | Found a stormy altar of Qazlal.
  2497 | D:5      | Reached skill level 7 in Ranged Weapons
  2513 | D:5      | Reached XP level 7. HP: 43/43 MP: 7/7
  2856 | D:5      | 2856 ||| UPGRADING to +0 ring mail of willpower.
  2904 | D:5      | 2904 ||| DROPPING +0 ring mail.
  3218 | D:5      | Found a runed translucent door.
  3219 | D:5      | Noticed Crazy Yiuf
  3222 | D:5      | 3222 ||| UPGRADING to ring of protection from fire.
  3223 | D:5      | 3223 ||| READING 2 scrolls of identify.
  3223 | D:5      | 3223 ||| IDENTIFYING fizzy yellow potion
  3224 | D:5      | 3224 ||| READING scroll of identify.
  3224 | D:5      | 3224 ||| IDENTIFYING golden potion
  3225 | D:5      | 3225 ||| DROPPING potion of degeneration.
  3226 | D:5      | 3226 ||| DROPPING potion of attraction.
  3268 | D:6      | Reached skill level 8 in Ranged Weapons
  3273 | D:6      | Identified the ring of Jealousy {rElec rPois rC+ rN+
                  | Slay-4}
  3455 | D:6      | Reached XP level 8. HP: 49/49 MP: 8/8
  3484 | D:6      | Noticed Menkaure
  3486 | D:6      | 3486 ||| Stepping ~*~*~tactically~*~*~ (retreating).
  3490 | D:6      | Killed Menkaure
  3492 | D:6      | Reached skill level 9 in Ranged Weapons
  3499 | D:6      | Reached skill level 6 in Fighting
  3822 | D:6      | Reached skill level 10 in Ranged Weapons
  3889 | D:6      | Reached XP level 9. HP: 56/56 MP: 9/9
  3919 | D:6      | Noticed a cyclops
  3925 | D:6      | Killed a cyclops
  4002 | D:6      | 4002 ||| DROPPING ring of Jealousy {rElec rPois rC+ rN+
                  | Slay-4}.
  4003 | D:6      | 4003 ||| READING scroll labelled YFIHOD FIASOD.
  4152 | D:6      | 4152 ||| READING scroll labelled DOASUNOISA.
  4152 | D:6      | 4152 ||| ENCHANTING +4 arbalest of electrocution.
  4153 | D:6      | 4153 ||| DRINKING 2 pink potions.
  4154 | D:6      | 4154 ||| DROPPING potion of invisibility.
  4155 | D:6      | 4155 ||| DROPPING wand of flame (30).
  4231 | D:7      | Reached skill level 11 in Ranged Weapons
  4365 | D:7      | Found a staircase to the Ecumenical Temple.
  4366 | D:7      | 4366 ||| PLANNING TEMPLE
  4377 | D:7      | Reached skill level 3 in Dodging
  4379 | Temple   | Entered the Ecumenical Temple
  4380 | Temple   | 4380 ||| PLANNING OKAWARU WORSHIP
  4395 | Temple   | Became a worshipper of Warmaster Okawaru
  4396 | Temple   | 4396 ||| PLANNING D:1-11
  4510 | D:7      | Reached skill level 3 in Armour
  4696 | D:7      | Noticed Pikel
  4697 | D:7      | 4697 ||| RETREEAATING.
  4699 | D:7      | 4699 ||| RETREEAATING.
  4709 | D:7      | Killed Pikel
  4709 | D:7      | Reached * piety under Okawaru
  4710 | D:7      | Reached XP level 10. HP: 55/64 MP: 10/10
  4807 | D:7      | Noticed Joseph
  4811 | D:7      | Killed Joseph
  4812 | D:7      | Reached skill level 12 in Ranged Weapons
  4812 | D:7      | Reached skill level 1 in Invocations
  5073 | D:7      | Noticed Prince Ribbit
  5076 | D:7      | Killed Prince Ribbit
  5401 | D:7      | 5401 ||| READING scroll of identify.
  5401 | D:7      | 5401 ||| IDENTIFYING black potion
  5670 | D:8      | 5670 ||| RETREEAATING.
  5673 | D:8      | 5673 ||| Stepping ~*~*~tactically~*~*~ (retreating).
  5674 | D:8      | 5674 ||| Stepping ~*~*~tactically~*~*~ (retreating).
  5675 | D:8      | 5675 ||| Stepping ~*~*~tactically~*~*~ (retreating).
  5676 | D:8      | 5676 ||| Stepping ~*~*~tactically~*~*~ (retreating).
  5678 | D:8      | Reached skill level 3 in Invocations
  5837 | D:8      | Noticed Grum
  5840 | D:8      | Killed Grum
  5840 | D:8      | Reached ** piety under Okawaru
  6174 | D:8      | 6174 ||| UPGRADING to +0 cloak.
  6179 | D:8      | 6179 ||| UPGRADING to ring of willpower.
  6180 | D:8      | 6180 ||| READING scroll labelled QAETHR EBACUI.
  6240 | D:9      | Reached skill level 13 in Ranged Weapons
  6244 | D:9      | Reached *** piety under Okawaru
  6318 | D:9      | Reached skill level 9 in Fighting
  6472 | D:9      | Found an ornate altar of the Wu Jian Council.
  6550 | D:9      | 6550 ||| Stepping ~*~*~tactically~*~*~ (retreating).
  6567 | D:9      | Reached XP level 11. HP: 55/71 MP: 14/14
  6797 | D:9      | Found a shadowy altar of Dithmenos.
  6889 | D:9      | 6889 ||| Stepping ~*~*~tactically~*~*~ (retreating).
  6962 | D:9      | 6962 ||| Stepping ~*~*~tactically~*~*~ (retreating).
  6967 | D:9      | 6967 ||| FLEEEEING.
  6968 | D:9      | 6968 ||| FLEEEEING.
  6970 | D:9      | 6970 ||| FLEEEEING.
  6971 | D:9      | 6971 ||| FLEEEEING.
  6972 | D:9      | 6972 ||| FLEEEEING.
  6973 | D:9      | 6973 ||| FLEEEEING.
  6974 | D:9      | 6974 ||| FLEEEEING.
  6975 | D:9      | 6975 ||| FLEEEEING.
  6976 | D:9      | 6976 ||| FLEEEEING.
  6977 | D:9      | 6977 ||| FLEEEEING.
  6978 | D:9      | 6978 ||| FLEEEEING.
  6979 | D:9      | 6979 ||| FLEEEEING.
  6980 | D:9      | 6980 ||| FLEEEEING.
  6981 | D:9      | 6981 ||| FLEEEEING.
  6982 | D:9      | 6982 ||| FLEEEEING.
  6983 | D:9      | 6983 ||| FLEEEEING.
  6984 | D:9      | 6984 ||| FLEEEEING.
  6985 | D:9      | 6985 ||| FLEEEEING.
  6986 | D:9      | 6986 ||| FLEEEEING.
  6987 | D:9      | 6987 ||| FLEEEEING.
  6988 | D:9      | 6988 ||| FLEEEEING.
  6989 | D:9      | 6989 ||| FLEEEEING.
  6990 | D:9      | 6990 ||| FLEEEEING.
  6991 | D:9      | 6991 ||| FLEEEEING.
  6992 | D:9      | 6992 ||| FLEEEEING.
  6993 | D:9      | 6993 ||| FLEEEEING.
  6994 | D:9      | 6994 ||| FLEEEEING.
  7170 | D:9      | Reached skill level 14 in Ranged Weapons
  7356 | D:9      | 7356 ||| UPGRADING to +0 acid dragon scales.
  7366 | D:9      | 7366 ||| DROPPING +0 ring mail of willpower.
  7367 | D:9      | 7367 ||| UPGRADING to +0 troll leather armour.
  7377 | D:9      | 7377 ||| DROPPING +0 acid dragon scales.
  7378 | D:9      | 7378 ||| READING scroll labelled CEBOIF PEUMPI.
  7379 | D:9      | 7379 ||| READING scroll labelled XIDUEXZORPHE.
  7379 | D:9      | 7379 ||| ENCHANTING +0 cloak.
  7395 | D:10     | Entered Level 10 of the Dungeon
  7395 | D:10     | Noticed a cyclops
  7400 | D:10     | Killed a cyclops
  7400 | D:10     | Reached **** piety under Okawaru
  7439 | D:10     | Found Houhept's Distillery.
  7569 | D:10     | 7569 ||| BUYING potion of curing (48 gold).
  7569 | D:10     | Bought a potion of curing for 48 gold pieces
  7569 | D:10     | 7569 ||| BUYING potion of haste (160 gold).
  7569 | D:10     | Bought a potion of haste for 160 gold pieces
  7569 | D:10     | 7569 ||| BUYING potion of heal wounds (80 gold).
  7569 | D:10     | Bought a potion of heal wounds for 80 gold pieces
  7569 | D:10     | 7569 ||| BUYING potion of heal wounds (80 gold).
  7569 | D:10     | Bought a potion of heal wounds for 80 gold pieces
  7569 | D:10     | 7569 ||| BUYING potion of resistance (160 gold).
  7569 | D:10     | Bought a potion of resistance for 160 gold pieces
  7681 | D:10     | 7681 ||| READING scroll of enchant armour.
  7681 | D:10     | 7681 ||| ENCHANTING +1 cloak.
  7697 | D:10     | Noticed Maurice
  7703 | D:10     | Killed Maurice
  7703 | D:10     | Reached ***** piety under Okawaru
  7713 | D:10     | 7713 ||| FLEEEEING.
  7714 | D:10     | 7714 ||| FLEEEEING.
  7715 | D:10     | 7715 ||| FLEEEEING.
  7716 | D:10     | 7716 ||| FLEEEEING.
  7717 | D:10     | 7717 ||| FLEEEEING.
  7718 | D:10     | 7718 ||| FLEEEEING.
  7719 | D:10     | 7719 ||| FLEEEEING.
  7732 | D:10     | Noticed a two-headed ogre
  7736 | D:10     | Killed a two-headed ogre
  7889 | D:10     | Reached skill level 6 in Invocations
  7938 | D:10     | Found an ancient bone altar of Kikubaaqudgha.
  8048 | D:10     | 8048 ||| READING scroll labelled HEMYISUNIS.
  8049 | D:10     | 8049 ||| READING scroll labelled JECIBU OFORICU.
  8171 | D:11     | 8171 ||| PLANNING GAUNTLET
  8194 | D:11     | 8194 ||| INVOKING Finesse.
  8200 | D:11     | Received a gift from Okawaru
  8204 | D:11     | Noticed a two-headed ogre
  8207 | D:11     | Killed a two-headed ogre
  8214 | D:11     | Noticed a two-headed ogre
  8218 | D:11     | Killed a two-headed ogre
  8219 | D:11     | Reached XP level 12. HP: 65/77 MP: 12/17
  8253 | D:11     | Found a staircase to the Lair.
  8365 | D:11     | 8365 ||| Stepping ~*~*~tactically~*~*~ (retreating).
  8367 | D:11     | 8367 ||| Stepping ~*~*~tactically~*~*~ (retreating).
  8369 | D:11     | 8369 ||| Stepping ~*~*~tactically~*~*~ (retreating).
  8370 | D:11     | 8370 ||| Stepping ~*~*~tactically~*~*~ (retreating).
  8371 | D:11     | 8371 ||| Stepping ~*~*~tactically~*~*~ (retreating).
  8372 | D:11     | 8372 ||| Stepping ~*~*~tactically~*~*~ (retreating).
  8373 | D:11     | 8373 ||| INVOKING Finesse.
  8375 | D:11     | 8375 ||| Stepping ~*~*~tactically~*~*~ (retreating).
  8376 | D:11     | 8376 ||| Stepping ~*~*~tactically~*~*~ (retreating).
  8413 | D:11     | Noticed a two-headed ogre
  8416 | D:11     | Killed a two-headed ogre
  8420 | D:11     | Noticed a boulder beetle
  8420 | D:11     | Noticed a centaur warrior
  8431 | D:11     | Killed a boulder beetle
  8431 | D:11     | Received a gift from Okawaru
  8432 | D:11     | Reached skill level 15 in Ranged Weapons
  8432 | D:11     | Reached skill level 9 in Invocations
  8436 | D:11     | Noticed a two-headed ogre
  8437 | D:11     | Killed a centaur warrior
  8442 | D:11     | 8442 ||| Stepping ~*~*~tactically~*~*~ (retreating).
  8443 | D:11     | 8443 ||| Stepping ~*~*~tactically~*~*~ (retreating).
  8444 | D:11     | 8444 ||| Stepping ~*~*~tactically~*~*~ (retreating).
  8445 | D:11     | 8445 ||| INVOKING Finesse.
  8449 | D:11     | Killed a two-headed ogre
  8506 | D:11     | Noticed a boulder beetle
  8537 | D:11     | Killed a boulder beetle
  8754 | D:11     | 8754 ||| RIP GAUNTLET
  8756 | D:11     | 8756 ||| PLANNING LAIR
  8801 | Lair:1   | Entered Level 1 of the Lair of Beasts
  8822 | Lair:1   | Found a transporter.
  8857 | Lair:1   | 8857 ||| Stepping ~*~*~tactically~*~*~ (retreating).
  8859 | Lair:1   | 8859 ||| Stepping ~*~*~tactically~*~*~ (retreating).
  8861 | Lair:1   | Received a gift from Okawaru
  8864 | Lair:1   | HP: 15/77 [komodo dragon (15)]
  8865 | Lair:1   | 8865 ||| READING 5 scrolls of teleportation.
  8866 | Lair:1   | 8866 ||| DRINKING 2 potions of heal wounds.
  8867 | Lair:1   | 8867 ||| DRINKING potion of heal wounds.
  8969 | Lair:1   | Reached ****** piety under Okawaru
  8973 | Lair:1   | 8973 ||| INVOKING Receive Weapon.
  8973 | Lair:1   | 8973 ||| 8973 ||| Offered +3 heavy arbalest with value
                  | 2935.4545454545
  8973 | Lair:1   | 8973 ||| 8973 ||| Offered +7 arbalest of draining with
                  | value 3030.4545454545
  8973 | Lair:1   | 8973 ||| 8973 ||| Offered +6 orcbow "Edanev" {elec, Fly
                  | Int-2 Dex+3} with value 3270
  8973 | Lair:1   | 8973 ||| 8973 ||| Offered +2 orcbow of freezing with value
                  | 2785
  8973 | Lair:1   | 8973 ||| ACQUIRING +6 orcbow "Edanev" {elec, Fly Int-2
                  | Dex+3}
  8973 | Lair:1   | Acquired the +6 orcbow "Edanev" {elec, Fly Int-2 Dex+3}
  8973 | Lair:1   | Received a gift from Okawaru
  8974 | Lair:1   | 8974 ||| INVOKING Receive Armour.
  8974 | Lair:1   | 8974 ||| 8974 ||| Offered +3 pair of boots of Decaying
                  | Curiosity {rElec rPois Int-4} with value difference 212.5
  8974 | Lair:1   | 8974 ||| 8974 ||| Offered +2 robe of Trial and Error {rElec
                  | rF++ Str+3 Dex-4} with value difference -227.5
  8974 | Lair:1   | 8974 ||| 8974 ||| Offered +0 buckler of Classification
                  | {rElec Dex+2} with value difference nil
  8974 | Lair:1   | 8974 ||| 8974 ||| Offered +1 helmet of intelligence with
                  | value difference 112.5
  8974 | Lair:1   | 8974 ||| ACQUIRING +3 pair of boots of Decaying Curiosity
                  | {rElec rPois Int-4}
  8974 | Lair:1   | Acquired the +3 pair of boots of Decaying Curiosity {rElec
                  | rPois Int-4}
  8974 | Lair:1   | Received a gift from Okawaru
  8976 | Lair:1   | 8976 ||| SWAPPING to +6 orcbow "Edanev" {elec, Fly Int-2
                  | Dex+3}.
  8977 | Lair:1   | 8977 ||| DROPPING +5 arbalest of electrocution.
  9008 | Lair:1   | Reached skill level 16 in Ranged Weapons
  9101 | Lair:1   | Found a transporter.
  9208 | Lair:1   | Reached XP level 13. HP: 82/82 MP: 20/20
  9354 | Lair:1   | Reached skill level 6 in Dodging
  9593 | Lair:1   | 9593 ||| UPGRADING to +3 pair of boots of Decaying
                  | Curiosity {rElec rPois Int-4}.
  9598 | Lair:1   | 9598 ||| DROPPING ring of wizardry.
  9628 | Lair:2   | 9628 ||| RETREEAATING.
  9629 | Lair:2   | 9629 ||| Stepping ~*~*~tactically~*~*~ (retreating).
  9630 | Lair:2   | 9630 ||| Stepping ~*~*~tactically~*~*~ (retreating).
  9631 | Lair:2   | 9631 ||| Stepping ~*~*~tactically~*~*~ (retreating).
  9632 | Lair:2   | 9632 ||| INVOKING Finesse.
  9701 | Lair:2   | 9701 ||| RETREEAATING.
  9702 | Lair:2   | 9702 ||| STILL RETREEAATING.
  9703 | Lair:2   | 9703 ||| STILL RETREEAATING.
  9708 | Lair:2   | 9708 ||| Stepping ~*~*~tactically~*~*~ (retreating).
  9710 | Lair:2   | 9710 ||| Stepping ~*~*~tactically~*~*~ (retreating).
  9711 | Lair:2   | 9711 ||| Stepping ~*~*~tactically~*~*~ (retreating).
  9787 | Lair:2   | Received a gift from Okawaru
  9866 | Lair:2   | Found a hole to the Spider Nest.
  9932 | Lair:2   | 9932 ||| Stepping ~*~*~tactically~*~*~ (retreating).
  9933 | Lair:2   | 9933 ||| Stepping ~*~*~tactically~*~*~ (retreating).
  9934 | Lair:2   | 9934 ||| Stepping ~*~*~tactically~*~*~ (retreating).
  9935 | Lair:2   | 9935 ||| Stepping ~*~*~tactically~*~*~ (retreating).
 10219 | Lair:2   | Reached skill level 12 in Fighting
 10236 | Lair:2   | Found a staircase to the Shoals.
 10261 | Lair:2   | 10261 ||| READING scroll of enchant armour.
 10261 | Lair:2   | 10261 ||| ENCHANTING +0 troll leather armour.
 10266 | Lair:2   | Identified the +10 trident of Greatest Utility {vamp,
                  | rPois}
 10556 | Lair:3   | 10556 ||| RETREEAATING.
 10557 | Lair:3   | 10557 ||| STILL RETREEAATING.
 10558 | Lair:3   | 10558 ||| STILL RETREEAATING.
 10560 | Lair:3   | 10560 ||| RETREEAATING.
 10563 | Lair:3   | 10563 ||| Stepping ~*~*~tactically~*~*~ (retreating).
 10568 | Lair:3   | Received a gift from Okawaru
 10603 | Lair:3   | 10603 ||| RETREEAATING.
 10604 | Lair:3   | 10604 ||| Stepping ~*~*~tactically~*~*~ (retreating).
 10605 | Lair:3   | 10605 ||| Stepping ~*~*~tactically~*~*~ (retreating).
 10606 | Lair:3   | 10606 ||| Stepping ~*~*~tactically~*~*~ (retreating).
 10607 | Lair:3   | 10607 ||| Stepping ~*~*~tactically~*~*~ (retreating).
 10608 | Lair:3   | 10608 ||| Stepping ~*~*~tactically~*~*~ (retreating).
 10609 | Lair:3   | 10609 ||| Stepping ~*~*~tactically~*~*~ (retreating).
 10610 | Lair:3   | 10610 ||| Stepping ~*~*~tactically~*~*~ (retreating).
 10611 | Lair:3   | 10611 ||| Stepping ~*~*~tactically~*~*~ (retreating).
 10612 | Lair:3   | 10612 ||| Stepping ~*~*~tactically~*~*~ (retreating).
 10614 | Lair:3   | 10614 ||| INVOKING Finesse.
 10725 | Lair:3   | Noticed Nergalle
 10731 | Lair:3   | Killed Nergalle
 10863 | Lair:3   | 10863 ||| RETREEAATING.
 10868 | Lair:3   | 10868 ||| Stepping ~*~*~tactically~*~*~ (retreating).
 10869 | Lair:3   | 10869 ||| Stepping ~*~*~tactically~*~*~ (retreating).
 10870 | Lair:3   | 10870 ||| Stepping ~*~*~tactically~*~*~ (retreating).
 10871 | Lair:3   | 10871 ||| Stepping ~*~*~tactically~*~*~ (retreating).
 10872 | Lair:3   | 10872 ||| Stepping ~*~*~tactically~*~*~ (retreating).
 10873 | Lair:3   | 10873 ||| Stepping ~*~*~tactically~*~*~ (retreating).
 10874 | Lair:3   | 10874 ||| Stepping ~*~*~tactically~*~*~ (retreating).
 11207 | Lair:3   | 11207 ||| DROPPING ring of fire.
 11208 | Lair:3   | 11208 ||| READING scroll of identify.
 11208 | Lair:3   | 11208 ||| IDENTIFYING orange potion
 11209 | Lair:3   | 11209 ||| READING scroll labelled ANWIGRUBLO.
 11210 | Lair:3   | 11210 ||| DROPPING potion of lignification.
 11233 | Lair:4   | 11233 ||| STAIRDANCE
 11236 | Lair:3   | Received a gift from Okawaru
 11373 | Lair:4   | Gained mutation: Your large and strong wings let you fly.
                  | [Gargoyle growth]
 11373 | Lair:4   | Reached XP level 14. HP: 94/94 MP: 21/21
 11390 | Lair:4   | 11390 ||| RETREEAATING.
 11391 | Lair:4   | 11391 ||| Stepping ~*~*~tactically~*~*~ (retreating).
 11392 | Lair:4   | 11392 ||| Stepping ~*~*~tactically~*~*~ (retreating).
 11398 | Lair:4   | 11398 ||| Stepping ~*~*~tactically~*~*~ (retreating).
 11457 | Lair:4   | Reached skill level 6 in Armour
 11803 | Lair:4   | 11803 ||| DROPPING +2 cloak.
 11842 | Lair:5   | Entered Level 5 of the Lair of Beasts
 11909 | Lair:5   | Received a gift from Okawaru
 12068 | Lair:5   | 12068 ||| RETREEAATING.
 12072 | Lair:5   | 12072 ||| Stepping ~*~*~tactically~*~*~ (retreating).
 12073 | Lair:5   | 12073 ||| Stepping ~*~*~tactically~*~*~ (retreating).
 12074 | Lair:5   | 12074 ||| Stepping ~*~*~tactically~*~*~ (retreating).
 12075 | Lair:5   | 12075 ||| Stepping ~*~*~tactically~*~*~ (retreating).
 12076 | Lair:5   | 12076 ||| Stepping ~*~*~tactically~*~*~ (retreating).
 12077 | Lair:5   | 12077 ||| Stepping ~*~*~tactically~*~*~ (retreating).
 12118 | Lair:5   | 12118 ||| RETREEAATING.
 12131 | Lair:5   | Reached skill level 9 in Dodging
 12336 | Lair:5   | Received a gift from Okawaru
 12342 | Lair:5   | 12342 ||| RETREEAATING.
 12357 | Lair:5   | 12357 ||| Stepping ~*~*~tactically~*~*~ (retreating).
 12358 | Lair:5   | 12358 ||| Stepping ~*~*~tactically~*~*~ (retreating).
 12359 | Lair:5   | 12359 ||| Stepping ~*~*~tactically~*~*~ (retreating).
 12360 | Lair:5   | 12360 ||| Stepping ~*~*~tactically~*~*~ (retreating).
 12361 | Lair:5   | 12361 ||| Stepping ~*~*~tactically~*~*~ (retreating).
 12365 | Lair:5   | 12365 ||| Stepping ~*~*~tactically~*~*~ (retreating).
 12366 | Lair:5   | 12366 ||| Stepping ~*~*~tactically~*~*~ (retreating).
 12367 | Lair:5   | 12367 ||| Stepping ~*~*~tactically~*~*~ (retreating).
 12368 | Lair:5   | 12368 ||| Stepping ~*~*~tactically~*~*~ (retreating).
 12373 | Lair:5   | 12373 ||| Stepping ~*~*~tactically~*~*~ (retreating).
 12374 | Lair:5   | 12374 ||| Stepping ~*~*~tactically~*~*~ (retreating).
 12375 | Lair:5   | 12375 ||| Stepping ~*~*~tactically~*~*~ (retreating).
 12377 | Lair:5   | 12377 ||| Stepping ~*~*~tactically~*~*~ (retreating).
 12379 | Lair:5   | 12379 ||| Stepping ~*~*~tactically~*~*~ (retreating).
 12411 | Lair:5   | 12411 ||| Stepping ~*~*~tactically~*~*~ (retreating).
 12412 | Lair:5   | 12412 ||| Stepping ~*~*~tactically~*~*~ (retreating).
 12414 | Lair:5   | Reached skill level 15 in Fighting
 12520 | Lair:5   | 12520 ||| RETREEAATING.
 12521 | Lair:5   | 12521 ||| STILL RETREEAATING.
 12526 | Lair:5   | 12526 ||| Stepping ~*~*~tactically~*~*~ (retreating).
 12529 | Lair:5   | 12529 ||| Stepping ~*~*~tactically~*~*~ (retreating).
 12530 | Lair:5   | 12530 ||| Stepping ~*~*~tactically~*~*~ (retreating).
 12531 | Lair:5   | 12531 ||| Stepping ~*~*~tactically~*~*~ (retreating).
 12532 | Lair:5   | 12532 ||| Stepping ~*~*~tactically~*~*~ (retreating).
 12558 | Lair:5   | 12558 ||| RETREEAATING.
 12559 | Lair:5   | 12559 ||| STILL RETREEAATING.
 12672 | Lair:5   | 12672 ||| Stepping ~*~*~tactically~*~*~ (retreating).
 12724 | Lair:5   | 12724 ||| Stepping ~*~*~tactically~*~*~ (retreating).
 12725 | Lair:5   | 12725 ||| Stepping ~*~*~tactically~*~*~ (retreating).
 12726 | Lair:5   | 12726 ||| Stepping ~*~*~tactically~*~*~ (retreating).
 12735 | Lair:5   | 12735 ||| Stepping ~*~*~tactically~*~*~ (retreating).
 12737 | Lair:5   | 12737 ||| Stepping ~*~*~tactically~*~*~ (retreating).
 12743 | Lair:5   | 12743 ||| Stepping ~*~*~tactically~*~*~ (retreating).
 12818 | Lair:5   | Found a viscous altar of Jiyva.
 12818 | Lair:5   | Found a staircase to the Slime Pits.
 12903 | Lair:5   | 12903 ||| PLANNING D:1-11
 13129 | D:11     | 13129 ||| READING scroll of acquirement.
 13129 | D:11     | 13129 ||| 13129 ||| Offered +3 longbow of freezing
 13129 | D:11     | 13129 ||| 13129 ||| Offered staff of death
 13129 | D:11     | 13129 ||| 13129 ||| Offered +0 pair of boots of Hahek
                  | {rPois}
 13129 | D:11     | 13129 ||| 13129 ||| Offered 763 gold pieces
 13129 | D:11     | 13129 ||| ACQUIRING +3 longbow of freezing
 13129 | D:11     | Acquired a +3 longbow of freezing
 13131 | D:11     | 13131 ||| SWAPPING to +3 longbow of freezing.
 13132 | D:11     | 13132 ||| DROPPING +6 orcbow "Edanev" {elec, Fly Int-2
                  | Dex+3}.
 13133 | D:11     | 13133 ||| READING 2 scrolls of enchant weapon.
 13133 | D:11     | 13133 ||| ENCHANTING +3 longbow of freezing.
 13134 | D:11     | 13134 ||| READING scroll of enchant weapon.
 13134 | D:11     | 13134 ||| ENCHANTING +4 longbow of freezing.
 13374 | D:11     | 13374 ||| FLEEEEING.
 13603 | D:11     | Found a staircase to the Orcish Mines.
 13605 | D:11     | 13605 ||| PLANNING D
 13605 | D:11     | 13605 ||| READING 4 scrolls of identify.
 13605 | D:11     | 13605 ||| IDENTIFYING 2 clear potions
 13606 | D:11     | 13606 ||| DROPPING 2 potions of ambrosia.
 13653 | D:12     | Reached XP level 15. HP: 104/104 MP: 22/22
 13743 | D:12     | Received a gift from Okawaru
 13745 | D:12     | 13745 ||| Stepping ~*~*~tactically~*~*~ (retreating).
 13750 | D:12     | 13750 ||| Stepping ~*~*~tactically~*~*~ (retreating).
 13782 | D:12     | 13782 ||| FLEEEEING.
 13783 | D:12     | 13783 ||| FLEEEEING.
 13784 | D:12     | 13784 ||| FLEEEEING.
 13800 | D:12     | Found a portal to a secret trove of treasure.
 13818 | D:12     | 13818 ||| Stepping ~*~*~tactically~*~*~ (retreating).
 13819 | D:12     | 13819 ||| INVOKING Finesse.
 13840 | D:12     | 13840 ||| FLEEEEING.
 13841 | D:12     | 13841 ||| FLEEEEING.
 13842 | D:12     | 13842 ||| FLEEEEING.
 13843 | D:12     | 13843 ||| FLEEEEING.
 13844 | D:12     | 13844 ||| FLEEEEING.
 13845 | D:12     | 13845 ||| FLEEEEING.
 13846 | D:12     | 13846 ||| FLEEEEING.
 13847 | D:12     | 13847 ||| FLEEEEING.
 13848 | D:12     | 13848 ||| FLEEEEING.
 13849 | D:12     | 13849 ||| FLEEEEING.
 13850 | D:12     | 13850 ||| FLEEEEING.
 13851 | D:12     | 13851 ||| FLEEEEING.
 13852 | D:12     | 13852 ||| FLEEEEING.
 13853 | D:12     | 13853 ||| FLEEEEING.
 13854 | D:12     | 13854 ||| FLEEEEING.
 13855 | D:12     | 13855 ||| FLEEEEING.
 13856 | D:12     | 13856 ||| FLEEEEING.
 13857 | D:12     | 13857 ||| FLEEEEING.
 13858 | D:12     | 13858 ||| FLEEEEING.
 13859 | D:12     | 13859 ||| FLEEEEING.
 13860 | D:12     | 13860 ||| FLEEEEING.
 13958 | D:12     | 13958 ||| READING scroll of enchant weapon.
 13958 | D:12     | 13958 ||| ENCHANTING +5 longbow of freezing.
 14006 | D:12     | Reached skill level 17 in Ranged Weapons
 14244 | D:12     | 14244 ||| UPGRADING to amulet of the acrobat.
 14249 | D:12     | 14249 ||| UPGRADING to ring of see invisible.
 14251 | D:12     | 14251 ||| UPGRADING to ring of protection from fire.
 14253 | D:12     | 14253 ||| READING 4 scrolls of identify.
 14253 | D:12     | 14253 ||| IDENTIFYING glowing yellow potion
 14274 | D:13     | Noticed Josephine
 14275 | D:13     | 14275 ||| RETREEAATING.
 14276 | D:13     | 14276 ||| Stepping ~*~*~tactically~*~*~ (retreating).
 14292 | D:13     | Killed Josephine
 14697 | D:13     | Received a gift from Okawaru
 14727 | D:13     | Found a gate to the Vaults.
 14827 | D:13     | 14827 ||| DROPPING +3 ring mail.
 15115 | D:14     | You are sucked into a shaft and drop 1 floor!
 15115 | D:15     | Entered Level 15 of the Dungeon
 15124 | D:15     | Noticed Kirke
 15126 | D:15     | 15126 ||| RETREEAATING.
 15130 | D:15     | 15130 ||| STILL RETREEAATING.
 15132 | D:15     | Killed Kirke
 15133 | D:15     | Reached skill level 18 in Ranged Weapons
 15201 | D:15     | 15201 ||| RETREEAATING.
 15202 | D:15     | 15202 ||| STILL RETREEAATING.
 15203 | D:15     | 15203 ||| STILL RETREEAATING.
 15212 | D:15     | 15212 ||| Stepping ~*~*~tactically~*~*~ (retreating).
 15213 | D:15     | 15213 ||| Stepping ~*~*~tactically~*~*~ (retreating).
 15214 | D:15     | 15214 ||| Stepping ~*~*~tactically~*~*~ (retreating).
 15215 | D:15     | 15215 ||| Stepping ~*~*~tactically~*~*~ (retreating).
 15223 | D:15     | Received a gift from Okawaru
 15448 | D:14     | 15448 ||| RETREEAATING.
 15460 | D:14     | 15460 ||| FLEEEEING.
 15461 | D:14     | 15461 ||| FLEEEEING.
 15463 | D:14     | 15463 ||| FLEEEEING.
 15464 | D:14     | 15464 ||| FLEEEEING.
 15465 | D:14     | 15465 ||| FLEEEEING.
 15466 | D:14     | 15466 ||| FLEEEEING.
 15469 | D:14     | 15469 ||| FLEEEEING.
 15470 | D:14     | 15470 ||| FLEEEEING.
 15471 | D:14     | 15471 ||| FLEEEEING.
 15472 | D:14     | 15472 ||| FLEEEEING.
 15473 | D:14     | 15473 ||| FLEEEEING.
 15474 | D:14     | 15474 ||| STAIRDANCE
 15502 | D:14     | 15502 ||| STAIRDANCE
 15874 | D:15     | Noticed Nessos
 15878 | D:15     | 15878 ||| STAIRDANCE
 15890 | D:15     | 15890 ||| STAIRDANCE
 15942 | D:15     | 15942 ||| STAIRDANCE
 15981 | D:15     | 15981 ||| STAIRDANCE
 16020 | D:15     | 16020 ||| STAIRDANCE
 16036 | D:15     | 16036 ||| STAIRDANCE
 16040 | D:14     | Killed Nessos
 16136 | D:15     | Found a white marble altar of Elyvilon.
 16175 | D:15     | 16175 ||| RETREEAATING.
 16184 | D:15     | Noticed Agnes
 16185 | D:15     | 16185 ||| STILL RETREEAATING.
 16186 | D:15     | 16186 ||| STILL RETREEAATING.
 16188 | D:15     | 16188 ||| INVOKING Finesse.
 16197 | D:15     | Killed Agnes
 16199 | D:15     | Reached skill level 19 in Ranged Weapons
 16291 | D:15     | Found a staircase to the Depths.
 16358 | D:15     | Received a gift from Okawaru
 16365 | D:15     | 16365 ||| PLANNING ORC
 16492 | Orc:1    | Entered Level 1 of the Orcish Mines
 16493 | Orc:1    | 16493 ||| STAIRDANCE
 16498 | Orc:1    | 16498 ||| STAIRDANCE
 16508 | Orc:1    | 16508 ||| STAIRDANCE
 16520 | D:11     | Reached XP level 16. HP: 85/109 MP: 23/23
 16545 | Orc:1    | 16545 ||| STAIRDANCE
 16556 | Orc:1    | 16556 ||| STAIRDANCE
 16926 | Orc:2    | Entered Level 2 of the Orcish Mines
 17071 | Orc:2    | Found a staircase to the Elven Halls.
 17399 | Orc:2    | 17399 ||| Stepping ~*~*~tactically~*~*~ (retreating).
 17400 | Orc:2    | 17400 ||| Stepping ~*~*~tactically~*~*~ (retreating).
 17401 | Orc:2    | 17401 ||| INVOKING Finesse.
 17417 | Orc:2    | HP: 17/105 [orc sorcerer/bolt of negative energy (17)]
 17418 | Orc:2    | 17418 ||| READING 8 scrolls of teleportation.
 17418 | Orc:2    | HP: 5/105 [orc high priest/divine providence (14)]
 17419 | Orc:2    | 17419 ||| DRINKING 2 potions of heal wounds.
 17649 | Orc:2    | Reached skill level 20 in Ranged Weapons
 17663 | Orc:2    | Found Ytoc's Book Emporium.
 17663 | Orc:2    | Found Ratuwk's Distillery.
 17669 | Orc:2    | 17669 ||| RETREEAATING.
 17670 | Orc:2    | 17670 ||| STILL RETREEAATING.
 17671 | Orc:2    | 17671 ||| STILL RETREEAATING.
 17672 | Orc:2    | 17672 ||| STILL RETREEAATING.
 17673 | Orc:2    | 17673 ||| FLEEEEING.
 17674 | Orc:2    | 17674 ||| FLEEEEING.
 17678 | Orc:2    | 17678 ||| FLEEEEING.
 17679 | Orc:2    | 17679 ||| FLEEEEING.
 17680 | Orc:2    | 17680 ||| FLEEEEING.
 17689 | Orc:2    | 17689 ||| FLEEEEING.
 17690 | Orc:2    | 17690 ||| FLEEEEING.
 17691 | Orc:2    | 17691 ||| FLEEEEING.
 17692 | Orc:2    | 17692 ||| FLEEEEING.
 17693 | Orc:2    | 17693 ||| FLEEEEING.
 17697 | Orc:2    | 17697 ||| FLEEEEING.
 17698 | Orc:2    | 17698 ||| FLEEEEING.
 17705 | Orc:2    | 17705 ||| STAIRDANCE
 17727 | Orc:2    | 17727 ||| STAIRDANCE
 17770 | Orc:2    | Found Owodisoy's Magic Scroll Emporium.
 17770 | Orc:2    | Found Bakug's Antique Armour Shop.
 17779 | Orc:2    | 17779 ||| BUYING scroll of enchant armour (90 gold).
 17779 | Orc:2    | Bought a scroll of enchant armour for 90 gold pieces
 17779 | Orc:2    | 17779 ||| BUYING scroll of enchant weapon (90 gold).
 17779 | Orc:2    | Bought a scroll of enchant weapon for 90 gold pieces
 17779 | Orc:2    | 17779 ||| BUYING scroll of teleportation (36 gold).
 17779 | Orc:2    | Bought a scroll of teleportation for 36 gold pieces
 17779 | Orc:2    | 17779 ||| BUYING scroll of teleportation (36 gold).
 17779 | Orc:2    | Bought a scroll of teleportation for 36 gold pieces
 17779 | Orc:2    | 17779 ||| READING scroll of enchant armour.
 17779 | Orc:2    | 17779 ||| ENCHANTING +1 troll leather armour.
 17780 | Orc:2    | 17780 ||| READING scroll of enchant weapon.
 17780 | Orc:2    | 17780 ||| ENCHANTING +6 longbow of freezing.
 17782 | Orc:2    | 17782 ||| BUYING glowing scarf (232 gold).
 17782 | Orc:2    | Bought a glowing scarf for 232 gold pieces
 17784 | Orc:2    | 17784 ||| BUYING potion of curing (45 gold).
 17784 | Orc:2    | Bought a potion of curing for 45 gold pieces
 17784 | Orc:2    | 17784 ||| BUYING potion of enlightenment (75 gold).
 17784 | Orc:2    | Bought a potion of enlightenment for 75 gold pieces
 17784 | Orc:2    | 17784 ||| BUYING potion of haste (150 gold).
 17784 | Orc:2    | Bought a potion of haste for 150 gold pieces
 17784 | Orc:2    | 17784 ||| BUYING potion of heal wounds (75 gold).
 17784 | Orc:2    | Bought a potion of heal wounds for 75 gold pieces
 17784 | Orc:2    | 17784 ||| BUYING potion of might (60 gold).
 17784 | Orc:2    | Bought a potion of might for 60 gold pieces
 17819 | Orc:2    | 17819 ||| PLANNING SHOALS:1-3
 17819 | Orc:2    | 17819 ||| UPGRADING to scarf of resistance.
 17829 | Orc:2    | 17829 ||| UPGRADING to ring of willpower.
 18018 | Shoals:1 | Entered Level 1 of the Shoals
 18109 | Shoals:1 | Received a gift from Okawaru
 18394 | Shoals:1 | 18394 ||| INVOKING Finesse.
 18573 | Shoals:1 | Noticed Nikola
 18585 | Shoals:1 | Killed Nikola
 18828 | Shoals:1 | 18828 ||| UPGRADING to +0 helmet.
 18881 | Shoals:2 | 18881 ||| Stepping ~*~*~tactically~*~*~ (retreating).
 18883 | Shoals:2 | 18883 ||| Stepping ~*~*~tactically~*~*~ (retreating).
 18884 | Shoals:2 | 18884 ||| INVOKING Finesse.
 18885 | Shoals:2 | 18885 ||| Stepping ~*~*~tactically~*~*~ (retreating).
 19395 | Shoals:2 | 19395 ||| RETREEAATING.
 19396 | Shoals:2 | 19396 ||| STILL RETREEAATING.
 19399 | Shoals:2 | 19399 ||| STILL RETREEAATING.
 19400 | Shoals:2 | 19400 ||| STILL RETREEAATING.
 19402 | Shoals:2 | 19402 ||| STILL RETREEAATING.
 19468 | Shoals:2 | Noticed Mlioglotl
 19471 | Shoals:2 | 19471 ||| Stepping ~*~*~tactically~*~*~ (retreating).
 19480 | Shoals:2 | 19480 ||| Stepping ~*~*~tactically~*~*~ (retreating).
 19481 | Shoals:2 | 19481 ||| Stepping ~*~*~tactically~*~*~ (retreating).
 19482 | Shoals:2 | 19482 ||| Stepping ~*~*~tactically~*~*~ (retreating).
 19483 | Shoals:2 | 19483 ||| Stepping ~*~*~tactically~*~*~ (retreating).
 19484 | Shoals:2 | 19484 ||| Stepping ~*~*~tactically~*~*~ (retreating).
 19485 | Shoals:2 | 19485 ||| Stepping ~*~*~tactically~*~*~ (retreating).
 19486 | Shoals:2 | 19486 ||| Stepping ~*~*~tactically~*~*~ (retreating).
 19487 | Shoals:2 | 19487 ||| Stepping ~*~*~tactically~*~*~ (retreating).
 19488 | Shoals:2 | Received a gift from Okawaru
 19489 | Shoals:2 | HP: 23/112 [smoke demon/divine providence[Mlioglotl] (15)]
 19490 | Shoals:2 | Noticed a tentacled starspawn
 19490 | Shoals:2 | 19490 ||| READING 9 scrolls of teleportation.
 19491 | Shoals:2 | 19491 ||| DRINKING 2 potions of heal wounds.
 19493 | Shoals:2 | 19493 ||| DRINKING potion of heal wounds.
 19494 | Shoals:2 | HP: 9/112 [meliai/+2 war axe of venom (11)]
 19494 | Shoals:2 | Slain by a meliai

Levels and vault maps discovered:
D:1:      eino_arrival_tree_alley, layout_rooms, serial_forest,
          infiniplex_forest_end_1, infiniplex_forest_straight_2,
          infiniplex_forest_lined_4_way, infiniplex_forest_end_2,
          infiniplex_forest_clump_diagonal, infiniplex_forest_corner_1,
          infiniplex_forest_end_double, infiniplex_forest_clump_curved,
          infiniplex_forest_end_double, serial_shops, nicolae_shop_stone,
          minmay_misc_feat_chi
D:2:      layout_loops_ring, grunt_ministairs_2
D:3:      layout_rooms, grunt_temple_overflow_open,
          nicolae_sif_muna_little_library, jmf_multi_god_temple
D:4:      layout_basic, gammafunk_ghost_stat_death
D:5:      layout_cave_pods, marbit_many_paths, reono_crystal_passage,
          uniq_crazy_yiuf_cottage
D:6:      minmay_chambers_of_sixes, layout_basic, uniq_menkaure
D:7:      layout_loops_corners, minmay_temple_entry_large_hall,
          hangedman_abyss_or_decor_stabs, uniq_joseph, uniq_prince_ribbit1,
          uniq_pikel
D:8:      layout_gridville, uniq_grum
D:9:      minmay_razor_zed, layout_basic, lemuel_tele_altar,
          kennysheep_little_box, minmay_fire_ice_demons
D:10:     wander_kiku_kobolds, layout_rooms, serial_shops,
          nicolae_shop_tiny_statue_garden, uniq_maurice
D:11:     hangedman_what_comes_after_a, layout_basic, david_lair_generic,
          orc_0_dummy, gauntlet_entry_generic
D:12:     layout_basic, enter_trove_1, nicolae_demonic_statue_gallery
D:13:     layout_cave_pools, david_vaults_5,
          hangedman_abyss_or_decor_lesser_grid, uniq_josephine
D:14:     layout_cave_pods, grunt_decor_mini_mirrors
D:15:     hangedman_depths_entry_try_elsewhere_first, layout_rooms,
          elyvilon_altar_5, uniq_kirke, uniq_nessos, uniq_agnes
Temple:   jpeg_temple_clearing
Lair:1:   gammafunk_worm_tunnel, layout_loops_ring, grunt_megastairs_1
Lair:2:   layout_hall_layers, mainiacjoe_shoals_entry_four_pools,
          spider_nest_entry_webs, chequers_serial_rivers_room_b
Lair:3:   cheibrodos_lair_river_kwai, layout_gridlike, uniq_nergalle
Lair:4:   layout_hall_layers, infiniplex_staircase_pool_2
Lair:5:   gammafunk_lair_ancient_temple, layout_small_grid,
          dpeg_slime_entry_enclosed, minmay_lair_drake_nest
Shoals:1: layout_shoals, nicolae_shoals_stone_sculpture_thing, uniq_nikola
Shoals:2: layout_shoals, regret_index_shoals_crete, uniq_mlioglotl
Orc:1:    layout_caves
Orc:2:    grunt_orc_tribal_feast, layout_caves

Skill      XL: |  1  2  3  4  5  6  7  8  9 10 11 12 13 14 15 16 |
---------------+-------------------------------------------------+-----
Ranged Weapons | 5 6 7 8 10 11 13 14 16 19 20 | 20.0
Fighting       | 3 4 5 6 8 9 10 13 15 17 | 17.0
Armour         | 1 2 3 4 5 7 |  7.1
Dodging        | 2 3 4 5 7 9 10 | 10.0
Invocations    | 4 7 10 | 10.0
Stealth        | |  1.1

Action                     |  1- 3 |  4- 6 |  7- 9 | 10-12 | 13-15 | 16-18 || total
---------------------------+-------+-------+-------+-------+-------+-------++-------
   Fire: Shortbow          |    52 |       |       |       |       |       ||    52
         Arbalest          |    24 |   103 |   110 |   449 |       |       ||   686
         Orcbow            |       |       |       |    14 |   703 |       ||   717
         Longbow           |       |       |       |       |   377 |   399 ||   776
 Invoke: Finesse           |       |       |       |     3 |     4 |     3 ||    10
         Receive Weapon    |       |       |       |     1 |       |       ||     1
         Receive Armour    |       |       |       |     1 |       |       ||     1
    Use: Scroll            |     4 |     8 |     4 |     8 |     9 |     4 ||    37
         Potion            |       |     2 |     1 |     2 |       |     3 ||     8
 Armour: Leather armour    |    50 |    33 |       |       |       |       ||    83
         Ring mail         |       |    24 |    52 |   112 |       |       ||   188
         Skin              |       |       |     5 |       |       |       ||     5
         Troll leather arm |       |       |       |   108 |   306 |   115 ||   529
  Dodge: Dodged            |    49 |    43 |    30 |   209 |   291 |   149 ||   771

Table legend:
 A = Non-vault XP
 B = Vault XP
 C = Vault XP percentage of total XP
 D = Non-vault monster count
 E = Vault monster count
 F = Vault count percentage of total count
                 A         B        C        D         E       F
            +---------+---------+-------+---------+---------+-------
      Total |  111812 |   56512 |  33.6 |     496 |     240 |  32.6
            +---------+---------+-------+---------+---------+-------
        D:1 |      35 |       0 |   0.0 |      21 |       0 |   0.0
        D:2 |      79 |       3 |   3.7 |      19 |       2 |   9.5
        D:3 |      63 |       4 |   6.0 |      26 |       2 |   7.1
        D:4 |     174 |       0 |   0.0 |      21 |       0 |   0.0
        D:5 |     376 |      45 |  10.7 |      10 |       1 |   9.1
        D:6 |    1530 |    1225 |  44.5 |      23 |       7 |  23.3
        D:7 |     953 |    1362 |  58.8 |      12 |       3 |  20.0
        D:8 |     707 |     658 |  48.2 |      16 |       5 |  23.8
        D:9 |    2110 |    1601 |  43.1 |      23 |      17 |  42.5
       D:10 |    3193 |    1351 |  29.7 |      15 |      53 |  77.9
       D:11 |    4299 |   12227 |  74.0 |      21 |      59 |  73.8
       D:12 |    7903 |    1539 |  16.3 |      24 |       6 |  20.0
       D:13 |    4304 |    4582 |  51.6 |       7 |       9 |  56.2
       D:14 |    8023 |    1065 |  11.7 |      14 |       1 |   6.7
       D:15 |    8560 |    5909 |  40.8 |      18 |       8 |  30.8
     Lair:1 |    4984 |     558 |  10.1 |      15 |       2 |  11.8
     Lair:2 |    7490 |    1069 |  12.5 |      37 |       4 |   9.8
     Lair:3 |    6029 |    2446 |  28.9 |      22 |       6 |  21.4
     Lair:4 |    8014 |       0 |   0.0 |      32 |       0 |   0.0
     Lair:5 |   15888 |    9039 |  36.3 |      47 |      22 |  31.9
   Shoals:1 |   11375 |    2548 |  18.3 |      25 |       1 |   3.8
   Shoals:2 |   12056 |     791 |   6.2 |      24 |       2 |   7.7
      Orc:1 |     702 |     797 |  53.2 |       8 |       1 |  11.1
      Orc:2 |    2965 |    7693 |  72.2 |      16 |      29 |  64.4
            +---------+---------+-------+---------+---------+-------
